General information
- name: BNet
- type: Ladder team game (AT/RT)
- host: Battle.net
- saver: BEAR_AND
map: SilverpineForest
- players: 6
- length: 75:24
- speed: Fast
- version: 1.26 W3XP
- replay type:

» download(623 KB)
Players
team 1 (loser)
ChiNoCoChiNO (
orange | 55 APM | 4128 actions | 75:22)
8 Death Knight
3 Death Coil
3 Unholy Aura
1 Animate Dead
1 Death Pact
7 Dark Ranger
2 Black Arrow
3 Silence
1 Charm
1 Life Drain
1 Priestess of the Moon
1 Starfall
» actions
| Basic commands | 256 | |
| Build / train | 93 | |
| Enter build submenu | 28 | |
| Enter hero's abilities submenu | 16 | |
| Give item / drop item | 7 | |
| Remove unit from queue | 1 | |
| Right click | 2523 | |
| Select / deselect | 1045 | |
| Use ability | 158 | |
4128 total
» units
| Acolyte | 12 | |
| Ghoul | 3 | |
| Crypt Fiend | 4 | |
| Obsidian Statue | 1 | |
| Frost Wyrm | 13 | |
33 total
» upgrades
| Creature Attack | 3 | |
| Creature Carapace | 3 | |
| Burrow | 1 | |
| Web | 1 | |
| Freezing Breath | 1 | |
9 total
» buildings
| Graveyard | 1 | |
| Crypt | 1 | |
| Altar of Darkness | 1 | |
| Ziggurat | 18 | |
| Tomb of Relics | 1 | |
| Nerubian Tower | 5 | |
| Halls of the Dead | 1 | |
| Sacrificial Pit | 1 | |
| Black Citadel | 1 | |
| Slaughterhouse | 1 | |
| Boneyard | 3 | |
| Spirit Tower | 6 | |
40 total
» build order
00:12 Graveyard
00:17 Crypt
00:42 Altar of Darkness
00:47 Ziggurat
01:18 Tomb of Relics
01:51 Nerubian Tower
02:24 Ziggurat
03:53 Halls of the Dead
04:15 Ziggurat
06:21 Sacrificial Pit
06:31 Black Citadel
07:14 Slaughterhouse
07:17 Ziggurat
09:41 Boneyard
09:44 Boneyard
09:48 Boneyard
10:47 Nerubian Tower
10:49 Spirit Tower
10:51 Ziggurat
10:55 Ziggurat
10:59 Ziggurat
13:45 Nerubian Tower
14:01 Spirit Tower
14:03 Spirit Tower
15:48 Ziggurat
16:43 Spirit Tower
20:58 Ziggurat
21:00 Ziggurat
22:51 Spirit Tower
22:53 Ziggurat
22:56 Ziggurat
23:38 Ziggurat
23:49 Nerubian Tower
23:53 Ziggurat
23:56 Spirit Tower
24:35 Nerubian Tower
25:10 Ziggurat
25:14 Ziggurat
38:49 Ziggurat
38:52 Ziggurat
» items
| Rod of Necromancy | 1 | |
| Sentry Wards | 1 | |
| Potion of Invulnerability | 1 | |
| Claws of Attack +6 | 1 | |
| Potion of Healing | 2 | |
| Orb of Corruption | 1 | |
| Scroll of Town Portal | 4 | |
| Scroll of Protection | 1 | |
| Scroll of Healing | 2 | |
| Lesser Clarity Potion | 1 | |
| Potion of Mana | 1 | |
| Potion of Lesser Invulnerability | 1 | |
| Boots of Speed | 1 | |
18 total
David7067 (
purple | 71 APM | 5347 actions | 75:03)
8 Mountain King
3 Storm Bolt
3 Bash
1 Avatar
1 Thunder Clap
7 Paladin
3 Holy Light
2 Divine Shield
1 Devotion Aura
1 Resurrection
5 Archmage
3 Summon Water Elemental
2 Brilliance Aura
1 Priestess of the Moon
1 Searing Arrows
» actions
| Assign group hotkey | 77 | |
| Basic commands | 300 | |
| Build / train | 222 | |
| ESC pressed | 1 | |
| Enter build submenu | 52 | |
| Enter hero's abilities submenu | 22 | |
| Give item / drop item | 4 | |
| Remove unit from queue | 3 | |
| Right click | 2144 | |
| Select / deselect | 1161 | |
| Select group hotkey | 1040 | |
| Use ability | 321 | |
5347 total
» units
| Peasant | 36 | |
| Footman | 5 | |
| Spell Breaker | 1 | |
| Priest | 15 | |
| Mortar Team | 24 | |
| Flying Machine | 29 | |
| Sorceress | 1 | |
| Rifleman | 16 | |
| Wisp | 4 | |
131 total
» upgrades
| Masonry | 3 | |
| Magic Sentry | 1 | |
| Lumber Harvesting | 1 | |
| Plating | 2 | |
| Fragmentation Shards | 1 | |
| Gunpowder | 3 | |
| Flare | 1 | |
| Long Rifles | 1 | |
| Armor | 3 | |
| Swords | 1 | |
| Priest Training | 1 | |
| Flak Cannons | 1 | |
19 total
» buildings
| Altar of Kings | 1 | |
| Farm | 13 | |
| Barracks | 1 | |
| Scout Tower | 21 | |
| Arcane Tower | 5 | |
| Lumber Mill | 1 | |
| Keep | 2 | |
| Arcane Vault | 1 | |
| Town Hall | 5 | |
| Guard Tower | 13 | |
| Arcane Sanctum | 1 | |
| Blacksmith | 1 | |
| Castle | 2 | |
| Workshop | 2 | |
| Tree of Life | 1 | |
| Moon Well | 1 | |
71 total
» build order
00:18 Altar of Kings
00:22 Farm
00:50 Barracks
00:57 Farm
01:32 Scout Tower
01:36 Farm
02:34 Arcane Tower
03:16 Lumber Mill
03:53 Keep
04:00 Arcane Vault
04:40 Town Hall
04:48 Scout Tower
04:50 Scout Tower
05:18 Arcane Tower
05:34 Guard Tower
07:08 Farm
08:01 Arcane Sanctum
08:40 Blacksmith
08:42 Castle
08:51 Scout Tower
09:20 Scout Tower
09:21 Guard Tower
10:07 Guard Tower
10:11 Scout Tower
10:38 Workshop
11:09 Guard Tower
11:39 Workshop
11:51 Farm
12:12 Farm
13:13 Farm
13:31 Scout Tower
14:13 Town Hall
14:34 Scout Tower
14:58 Guard Tower
15:12 Scout Tower
16:06 Guard Tower
16:08 Keep
17:44 Farm
18:25 Farm
19:06 Farm
19:49 Farm
19:54 Farm
19:57 Farm
20:43 Scout Tower
22:07 Arcane Tower
24:25 Castle
33:26 Town Hall
35:52 Scout Tower
35:53 Scout Tower
35:54 Scout Tower
35:56 Scout Tower
36:33 Arcane Tower
37:18 Guard Tower
37:25 Scout Tower
37:31 Scout Tower
37:38 Guard Tower
37:58 Scout Tower
37:59 Guard Tower
42:48 Guard Tower
50:38 Tree of Life
54:41 Moon Well
60:53 Town Hall
60:55 Scout Tower
61:51 Arcane Tower
61:52 Scout Tower
61:55 Scout Tower
61:56 Scout Tower
62:21 Guard Tower
62:25 Guard Tower
62:28 Guard Tower
69:13 Town Hall
» items
| Scroll of Regeneration | 2 | |
| Scroll of Town Portal | 7 | |
| Orb of Fire | 2 | |
| Lesser Clarity Potion | 3 | |
| Periapt of Vitality | 1 | |
| Scroll of Protection | 1 | |
| Scroll of Healing | 1 | |
| Potion of Lesser Invulnerability | 1 | |
| Boots of Speed | 1 | |
| Potion of Healing | 2 | |
| Potion of Mana | 2 | |
23 total

»
Qu4kE (
green | 50 APM | 1975 actions | 39:23)
5 Priestess of the Moon
2 Searing Arrows
3 Trueshot Aura
» actions
| Assign group hotkey | 26 | |
| Basic commands | 83 | |
| Build / train | 72 | |
| ESC pressed | 2 | |
| Enter build submenu | 26 | |
| Enter hero's abilities submenu | 5 | |
| Right click | 982 | |
| Select / deselect | 419 | |
| Select group hotkey | 307 | |
| Use ability | 53 | |
1975 total
» units
| Wisp | 30 | |
| Huntress | 7 | |
| Chimaera | 10 | |
| Druid of the Talon | 7 | |
| Archer | 5 | |
59 total
» upgrades
| Corrosive Breath | 1 | |
| Druid of the Talon Training | 1 | |
| Improved Bows | 1 | |
3 total
» buildings
| Altar of Elders | 1 | |
| Moon Well | 8 | |
| Ancient of War | 2 | |
| Hunter's Hall | 1 | |
| Tree of Ages | 1 | |
| Tree of Eternity | 1 | |
| Ancient of Wind | 3 | |
| Chimaera Roost | 2 | |
| Ancient Protector | 4 | |
| Tree of Life | 2 | |
25 total
» build order
00:05 Altar of Elders
00:09 Moon Well
00:59 Ancient of War
01:45 Hunter's Hall
02:16 Ancient of War
02:21 Moon Well
04:18 Moon Well
06:01 Moon Well
06:34 Tree of Ages
07:15 Moon Well
09:03 Tree of Eternity
09:45 Ancient of Wind
10:45 Ancient of Wind
11:52 Chimaera Roost
11:55 Chimaera Roost
12:13 Moon Well
13:23 Moon Well
13:59 Ancient Protector
14:02 Ancient Protector
14:07 Ancient Protector
14:36 Ancient Protector
16:03 Moon Well
23:35 Tree of Life
28:15 Ancient of Wind
34:26 Tree of Life
» items
team 2 (winner)
BEAR_AND (
pink | 142 APM | 10718 actions | 75:24)
8 Blademaster
3 Wind Walk
3 Critical Strike
1 Bladestorm
1 Mirror Image
7 Tauren Chieftain
3 Shockwave
3 Endurance Aura
1 Reincarnation
» actions
| Assign group hotkey | 49 | |
| Basic commands | 27 | |
| Build / train | 149 | |
| Enter build submenu | 120 | |
| Enter hero's abilities submenu | 15 | |
| Give item / drop item | 8 | |
| Remove unit from queue | 9 | |
| Right click | 7706 | |
| Select / deselect | 1078 | |
| Select group hotkey | 948 | |
| Use ability | 609 | |
10718 total
» units
» upgrades
| Ranged Weapons | 2 | |
| Spiked Barricades | 0 | |
| Liquid Fire | 1 | |
| Reinforced Defenses | 1 | |
4 total
» buildings
| Altar of Storms | 1 | |
| Orc Burrow | 4 | |
| War Mill | 1 | |
| Voodoo Lounge | 5 | |
| Watch Tower | 102 | |
| Stronghold | 1 | |
| Beastiary | 4 | |
| Fortress | 4 | |
122 total
» build order
00:14 Altar of Storms
00:20 Orc Burrow
00:37 War Mill
01:49 Voodoo Lounge
02:03 Watch Tower
02:07 Watch Tower
02:28 Watch Tower
02:51 Watch Tower
03:01 Watch Tower
03:29 Watch Tower
03:36 Stronghold
03:37 Watch Tower
03:48 Orc Burrow
03:49 Orc Burrow
04:03 Watch Tower
04:22 Watch Tower
04:44 Watch Tower
04:46 Watch Tower
04:49 Watch Tower
05:26 Watch Tower
05:28 Watch Tower
05:40 Orc Burrow
05:58 Watch Tower
06:04 Beastiary
06:08 Beastiary
06:55 Watch Tower
06:57 Watch Tower
07:09 Watch Tower
07:38 Watch Tower
08:42 Fortress
08:42 Fortress
08:43 Fortress
09:41 Watch Tower
09:42 Watch Tower
10:15 Watch Tower
10:49 Watch Tower
11:00 Watch Tower
11:09 Watch Tower
11:12 Watch Tower
14:20 Watch Tower
14:25 Watch Tower
14:28 Watch Tower
14:59 Watch Tower
14:59 Watch Tower
15:23 Watch Tower
17:36 Watch Tower
17:38 Watch Tower
17:39 Watch Tower
18:17 Beastiary
18:19 Beastiary
20:03 Watch Tower
20:03 Watch Tower
20:03 Watch Tower
20:04 Watch Tower
20:05 Watch Tower
23:19 Watch Tower
23:20 Watch Tower
23:36 Watch Tower
23:59 Watch Tower
25:12 Watch Tower
25:13 Watch Tower
25:14 Watch Tower
25:14 Watch Tower
25:14 Watch Tower
25:22 Watch Tower
25:23 Watch Tower
25:23 Watch Tower
25:24 Watch Tower
25:24 Watch Tower
25:55 Watch Tower
25:55 Watch Tower
26:41 Watch Tower
26:41 Watch Tower
26:42 Watch Tower
26:44 Watch Tower
26:46 Watch Tower
26:53 Watch Tower
26:54 Watch Tower
26:55 Watch Tower
26:56 Watch Tower
26:58 Watch Tower
26:58 Watch Tower
27:09 Watch Tower
27:09 Watch Tower
27:11 Watch Tower
27:11 Watch Tower
28:05 Watch Tower
28:06 Watch Tower
28:09 Watch Tower
28:14 Watch Tower
28:50 Watch Tower
30:45 Watch Tower
30:48 Watch Tower
30:49 Watch Tower
30:51 Watch Tower
30:51 Watch Tower
30:52 Watch Tower
33:57 Watch Tower
33:58 Watch Tower
33:59 Watch Tower
34:01 Watch Tower
34:02 Watch Tower
34:03 Watch Tower
35:52 Watch Tower
35:53 Watch Tower
35:57 Watch Tower
35:58 Watch Tower
37:48 Voodoo Lounge
37:52 Voodoo Lounge
37:55 Voodoo Lounge
51:34 Watch Tower
51:34 Watch Tower
51:36 Watch Tower
51:36 Watch Tower
51:37 Watch Tower
51:37 Watch Tower
51:38 Watch Tower
51:39 Watch Tower
52:33 Watch Tower
53:45 Watch Tower
55:31 Voodoo Lounge
» items
| Staff of Teleportation | 2 | |
| Boots of Speed | 6 | |
| Healing Salve | 6 | |
| Lesser Clarity Potion | 13 | |
| Orb of Lightning | 2 | |
| Helm of Valor | 1 | |
| Potion of Healing | 2 | |
| Claws of Attack +12 | 1 | |
| Potion of Mana | 1 | |
34 total
nadman (
blue | 134 APM | 10105 actions | 75:23)
5 Warden
3 Shadow Strike
2 Blink
6 Pandaren Brewmaster
3 Breath of Fire
1 Drunken Haze
1 Drunken Brawler
1 Storm Earth and Fire
6 Goblin Alchemist
3 Acid Bomb
1 Chemical Rage
1 Healing Spray
1 Transmute
» actions
| Assign group hotkey | 50 | |
| Basic commands | 201 | |
| Build / train | 157 | |
| ESC pressed | 27 | |
| Enter build submenu | 29 | |
| Enter hero's abilities submenu | 18 | |
| Give item / drop item | 9 | |
| Right click | 6048 | |
| Select / deselect | 1314 | |
| Select group hotkey | 1876 | |
| Use ability | 376 | |
10105 total
» units
| Wisp | 40 | |
| Huntress | 1 | |
| Chimaera | 17 | |
| Hippogryph | 11 | |
| Druid of the Talon | 5 | |
74 total
» upgrades
| Strength of the Wild | 3 | |
| Reinforced Hides | 3 | |
| Corrosive Breath | 1 | |
| Druid of the Talon Training | 2 | |
| Nature's Blessing | 1 | |
| Well Spring | 1 | |
| Mark of the Talon | 1 | |
12 total
» buildings
| Altar of Elders | 1 | |
| Moon Well | 9 | |
| Ancient of War | 1 | |
| Hunter's Hall | 1 | |
| Tree of Ages | 2 | |
| Tree of Eternity | 3 | |
| Ancient of Wind | 2 | |
| Chimaera Roost | 3 | |
| Tree of Life | 6 | |
| Ancient of Wonders | 2 | |
30 total
» build order
00:07 Altar of Elders
00:18 Moon Well
01:38 Ancient of War
01:41 Hunter's Hall
02:07 Moon Well
03:25 Tree of Ages
04:43 Moon Well
05:05 Moon Well
05:58 Tree of Eternity
05:58 Tree of Eternity
07:16 Ancient of Wind
08:24 Chimaera Roost
09:35 Chimaera Roost
10:11 Moon Well
10:44 Chimaera Roost
10:53 Moon Well
10:54 Moon Well
13:50 Ancient of Wind
14:42 Tree of Life
16:04 Ancient of Wonders
19:30 Tree of Life
19:59 Tree of Life
21:49 Tree of Life
22:08 Ancient of Wonders
28:39 Tree of Life
35:26 Tree of Life
67:39 Moon Well
67:40 Moon Well
» items
| Scroll of Town Portal | 9 | |
| Boots of Speed | 4 | |
| Ring of Regeneration | 2 | |
| Ancient Janggo of Endurance | 2 | |
| Amulet of Spell Shield | 4 | |
| Potion of Healing | 1 | |
| Khadgar's Gem of Health | 8 | |
| Orb of Lightning | 5 | |
| Staff of Teleportation | 1 | |
| Healing Salve | 2 | |
| Lesser Clarity Potion | 1 | |
39 total
timg4strok (
yellow | 128 APM | 9662 actions | 75:23)
6 Archmage
3 Blizzard
3 Brilliance Aura
7 Mountain King
3 Storm Bolt
3 Bash
1 Avatar
5 Paladin
3 Holy Light
1 Divine Shield
1 Devotion Aura
» actions
| Assign group hotkey | 19 | |
| Basic commands | 75 | |
| Build / train | 154 | |
| ESC pressed | 16 | |
| Enter build submenu | 90 | |
| Enter hero's abilities submenu | 18 | |
| Give item / drop item | 13 | |
| Right click | 5884 | |
| Select / deselect | 508 | |
| Select group hotkey | 2314 | |
| Use ability | 571 | |
9662 total
» units
| Peasant | 33 | |
| Dragonhawk Rider | 19 | |
52 total
» upgrades
| Masonry | 3 | |
| Lumber Harvesting | 1 | |
| Magic Sentry | 1 | |
| Cloud | 1 | |
| Armor | 3 | |
| Swords | 1 | |
10 total
» buildings
| Altar of Kings | 4 | |
| Farm | 19 | |
| Lumber Mill | 5 | |
| Scout Tower | 72 | |
| Arcane Tower | 5 | |
| Guard Tower | 33 | |
| Arcane Vault | 2 | |
| Keep | 3 | |
| Town Hall | 3 | |
| Castle | 1 | |
| Arcane Sanctum | 1 | |
| Gryphon Aviary | 3 | |
| Blacksmith | 1 | |
152 total
» build order
00:09 Altar of Kings
00:13 Farm
00:23 Lumber Mill
00:25 Lumber Mill
00:52 Scout Tower
00:57 Farm
01:12 Scout Tower
01:38 Arcane Tower
01:38 Arcane Tower
01:41 Farm
02:04 Scout Tower
02:23 Scout Tower
02:28 Scout Tower
02:37 Guard Tower
02:37 Guard Tower
03:25 Guard Tower
03:26 Guard Tower
03:34 Scout Tower
03:34 Scout Tower
03:35 Scout Tower
03:43 Arcane Vault
03:47 Scout Tower
03:52 Farm
04:11 Guard Tower
04:18 Scout Tower
04:24 Guard Tower
04:53 Keep
04:53 Keep
05:04 Guard Tower
05:59 Scout Tower
05:59 Scout Tower
06:01 Scout Tower
06:01 Scout Tower
06:02 Scout Tower
06:41 Guard Tower
06:44 Scout Tower
06:45 Scout Tower
06:46 Scout Tower
07:14 Guard Tower
07:15 Guard Tower
07:29 Guard Tower
07:49 Town Hall
08:03 Scout Tower
08:03 Scout Tower
08:30 Guard Tower
08:32 Scout Tower
08:32 Scout Tower
08:35 Castle
08:38 Arcane Sanctum
08:41 Arcane Vault
08:59 Guard Tower
08:59 Guard Tower
09:40 Scout Tower
09:41 Scout Tower
09:44 Scout Tower
09:44 Scout Tower
10:09 Guard Tower
10:12 Arcane Tower
10:22 Guard Tower
10:24 Scout Tower
10:43 Guard Tower
11:00 Guard Tower
11:34 Scout Tower
11:35 Scout Tower
13:11 Scout Tower
13:11 Scout Tower
13:31 Guard Tower
13:31 Guard Tower
14:30 Guard Tower
14:30 Guard Tower
15:22 Scout Tower
15:23 Scout Tower
15:26 Scout Tower
15:26 Scout Tower
16:08 Guard Tower
16:18 Guard Tower
16:30 Gryphon Aviary
17:25 Town Hall
17:35 Farm
17:36 Farm
19:51 Blacksmith
19:54 Gryphon Aviary
19:57 Scout Tower
19:57 Scout Tower
20:37 Guard Tower
21:02 Guard Tower
21:50 Scout Tower
21:51 Scout Tower
21:51 Scout Tower
22:30 Guard Tower
23:22 Scout Tower
23:24 Scout Tower
23:25 Guard Tower
24:19 Guard Tower
25:03 Guard Tower
25:51 Scout Tower
25:51 Scout Tower
25:52 Scout Tower
26:48 Guard Tower
28:29 Scout Tower
28:30 Scout Tower
28:31 Scout Tower
28:32 Scout Tower
28:32 Scout Tower
28:33 Scout Tower
28:34 Scout Tower
28:40 Scout Tower
28:41 Scout Tower
28:42 Scout Tower
28:43 Scout Tower
28:43 Scout Tower
28:45 Scout Tower
28:46 Scout Tower
28:47 Scout Tower
28:48 Scout Tower
28:49 Scout Tower
29:03 Scout Tower
29:04 Scout Tower
29:04 Scout Tower
29:05 Scout Tower
29:05 Scout Tower
29:06 Scout Tower
29:06 Scout Tower
29:07 Scout Tower
29:08 Scout Tower
30:49 Altar of Kings
32:10 Farm
32:10 Farm
32:12 Farm
32:13 Farm
32:37 Arcane Tower
33:39 Arcane Tower
33:54 Town Hall
35:56 Lumber Mill
36:03 Lumber Mill
37:46 Keep
40:25 Altar of Kings
40:32 Farm
41:17 Farm
42:18 Gryphon Aviary
45:04 Altar of Kings
46:21 Farm
46:23 Farm
48:25 Lumber Mill
49:58 Farm
49:58 Farm
49:59 Farm
50:59 Farm
51:00 Farm
» items
| Staff of Teleportation | 3 | |
| Boots of Speed | 2 | |
| Healing Salve | 5 | |
| Orb of Lightning | 3 | |
| Potion of Invisibility | 1 | |
| Staff of Sanctuary | 3 | |
| Ancient Janggo of Endurance | 1 | |
| Medallion of Courage | 1 | |
| Claws of Attack +12 | 1 | |
| Lesser Clarity Potion | 4 | |
| Potion of Mana | 1 | |
| Potion of Healing | 2 | |
27 total
Chat log
(02:07 / All) BEAR_AND: hi all
(03:02 / All) ChiNoCoChiNO: gtfo
(03:14 / All) BEAR_AND: lol
(03:19 / All) Qu4kE: failed
(13:34 / All) BEAR_AND: repair it......
(18:43 / All) Qu4kE: yea
(18:43 / All) Qu4kE: gg
(22:15 / All) Qu4kE: gg
(22:21 / All) timg4strok: GG
(22:22 / All) BEAR_AND: gg
(24:11 / All) Qu4kE: boring game
(24:13 / All) Qu4kE: seriuosly
(30:28 / All) David7067: gg
(39:23 / All) BEAR_AND: pizza????
(39:26 / All) BEAR_AND: brb
(39:27 / All) BEAR_AND: doorbell
(39:30 / All) nadman: re
(39:30 / All) timg4strok: hold on i left my wallet
(39:33 / All) timg4strok: ki gotta thumb wrestle
(39:38 / All) David7067: i got work in the morning
(39:41 / All) David7067: u already wasting my time
(39:42 / All) David7067: not waiting
(40:19 / All) David7067: b
(40:22 / All) BEAR_AND: lol
(68:33 / All) timg4strok: u may leaf
(68:39 / All) BEAR_AND: bye
(68:43 / All) BEAR_AND: http://highper.ch/
(68:44 / All) ChiNoCoChiNO: lol u were so scared
(68:47 / All) BEAR_AND: this is our one game a year
(68:52 / All) BEAR_AND: thanx for the win
(68:53 / All) nadman: gg
(68:54 / All) BEAR_AND: a christmist present
(69:04 / All) BEAR_AND: we made a pact
(69:06 / All) BEAR_AND: when dclan towa died
(69:13 / All) BEAR_AND: to play one Christmas Special each yeaer
(72:41 / All) ChiNoCoChiNO: lol
(74:39 / All) BEAR_AND: leave now
(75:04 / All) BEAR_AND: get out
(75:05 / All) BEAR_AND: bye
(75:14 / All) nadman: c u